 Dungeon Crawl Stone Soup version 0.27.0-1-g7a089689b8 (webtiles) character file.

Game seed: 1400524350272140773

332 Descartes the Chopper (level 6, -2/43 HPs)
             Began as a Formicid Wanderer on Aug 2, 2021.
             Slain by an ogre (12 damage)
             ... on level 4 of the Dungeon.
             The game lasted 00:08:18 (5183 turns).

Descartes the Chopper (Formicid Wanderer)           Turns: 5183, Time: 00:08:19

Health: -2/43      AC:  8    Str: 19    XL:     6   Next: 82%
Magic:  6/6        EV:  9    Int: 11    God:
Gold:   42         SH:  0    Dex: 10    Spells: 5/5 levels left

rFire    . . .     SeeInvis +   x - +1 war axe (pain)
rCold    + . .     Faith    .   (no shield)
rNeg     . . .     Spirit   .   t - +2 scale mail {rC+}
rPois    .         Reflect  .   (helmet unavailable)
rElec    .         Harm     .   (no cloak)
rCorr    .         Rampage  .   (no gloves)
Will     .....                  (no boots)
Stlth    ..........             (no amulet)
HPRegen  0.14/turn              (no ring)
MPRegen  0.10/turn              (no ring)

@: no status effects
A: permanent stasis, dig shafts and tunnels, antennae 3, four strong arms
a: Dig, Shaft Self


You were on level 4 of the Dungeon.
You visited 1 branch of the dungeon, and saw 5 of its levels.

You collected 243 gold pieces.
You spent 201 gold pieces at shops.

Inventory:

Hand Weapons
 a - a +2 hand axe
 b - a +0 hand crossbow
 w - a +2 flail of draining
 x - a +1 war axe of pain (weapon)
Missiles
 c - 28 bolts
 i - 20 poisoned darts
 k - 29 arrows
 l - 77 stones
 m - 72 sling bullets
 r - 4 boomerangs
 v - 2 javelins
Armour
 t - a +2 scale mail of cold resistance (worn)
Wands
 s - a wand of flame (18)
Scrolls
 e - a scroll of brand weapon {unknown}
 f - 4 scrolls of magic mapping {unknown}
 j - 2 scrolls of vulnerability {unknown}
 n - a scroll of identify
Potions
 d - 2 potions of curing
 g - a potion of cancellation
 h - 2 potions of heal wounds
 o - a potion of flight
 p - a potion of invisibility
 q - 2 potions of brilliance {unknown}
 u - a potion of resistance
 A - a potion of might


   Skills:
 - Level 1.1 Fighting
 + Level 6.7 Axes
 - Level 1.0 Throwing
 - Level 2.1 Armour
 - Level 1.2 Shields
 - Level 1.2 Hexes
 - Level 2.0 Summonings


You had 5 spell levels left.
You didn't know any spells.
Your spell library contained the following spells:

 Spells                   Type           Power      Damage    Failure   Level
 Apportation              Tloc           0%         N/A       71%         1
 Gell's Gravitas          Tloc           0%         N/A       97%         3
 Lesser Beckoning         Tloc           0%         N/A       97%         3
 Teleport Other           Tloc           0%         N/A       97%         3
 Alistair's Intoxication  Tmut/Pois      0%         N/A       100%        5
 Invisibility             Hex            1%         N/A       100%        6


Dungeon Overview and Level Annotations

Branches:
Dungeon (5/15)
 Temple: D:4-7

Altars:

Shops:
D:1 *   D:4 !


Innate Abilities, Weirdness & Mutations

You cannot be hasted, slowed, berserked, paralysed or teleported.
You can dig through walls and to a lower floor.
You have a pair of large antennae on your head. (SInv)
Your four strong arms can wield two-handed weapons with a shield.


Message History

No target in view!
No target in view!
HP restored.
You now have enough gold to buy a potion of attraction on this level.
You can access your shopping list by pressing '$'.
You now have 42 gold pieces (gained 8).
n - a scroll of identify Done exploring.
You see here a +0 ring mail.
There is a stone staircase leading down here.
You climb downwards.
You hear the hiss of flowing sand.
There is an entrance to an ossuary on this level.
Hurry and find it before the portal is buried!
An orc, an ogre and a zombie come into view.
The ogre shouts!
The orc shouts!
You hear a shout!
You hear a bark!
Found 14 stones and 8 gold pieces.
There is a stone staircase leading up here.
A hound comes into view.
The ogre barely misses you.
You barely miss the ogre. The ogre hits you but does no damage.
You climb upwards.
There is a stone staircase leading down here.
You slash the ogre!
The ogre is moderately wounded.
The ogre hits you with a +0 giant club!!
Ouch! That really hurt!
You are too injured to fight recklessly!
You are too injured to fight recklessly!
You are too injured to fight recklessly!
You are too injured to fight recklessly!
You are too injured to fight recklessly!
You barely miss the ogre.
The ogre is moderately wounded.
The ogre hits you with a +0 giant club.
* * * LOW HITPOINT WARNING * * *
You closely miss the ogre.
The ogre is moderately wounded.
The ogre hits you with a +0 giant club!
You die...

#....###.######..................
#.#......8...8.............#.....
####....#......##+##...##'##.....
####....>...#♣.♣##.##♣.♣#.#...
####........##...###...#####..
#.8...∩...8..##....÷..##..##..
#..........##.##..<..##...###.
##..<.....##..###♣.♣##....))).
#........#..@O#######...####.
#8...8.....[####...##...## #.
##........#.# #..###....# #.
##........#.# ##.##.....###.
#...........####..#....#..#..
#####......#.............##.##.
##..#......###..........###...##
#..........# #...##.....##..≈..#
##.#.....### #...##........≈≈≈..


You could see an ogre.

Vanquished Creatures
  2 water moccasin skeletons (D:4)
  A jelly (D:4)
  An orc wizard (D:4)
  A gnoll (D:4)
  6 adders
  An ufetubus (D:3)
  An adder skeleton (D:4)
  A worm (D:3)
  A dart slug (D:4)
  18 orcs
  7 ball pythons
  2 bats
  5 endoplasms
  3 giant cockroaches
  10 goblins
  5 hobgoblins
  6 jackals
  A quokka (D:1)
  2 frilled lizards (D:1)
  8 kobolds
  3 rats
85 creatures vanquished.

Notes
Turn   | Place    | Note
-------+----------+-------------------------------------------
     0 | D:1      | Descartes the Formicid Wanderer began the quest for the
                  | Orb.
     0 | D:1      | Descartes set off with the following items: a +2 hand axe,
                  | a +0 hand crossbow, 28 bolts, a potion of curing, a +0 robe
     0 | D:1      | Reached XP level 1. HP: 15/15 MP: 1/1
   497 | D:1      | Found Puse's Assorted Antiques.
   505 | D:1      | Reached XP level 2. HP: 21/21 MP: 2/2
   648 | D:1      | Reached skill level 3 in Axes
  1045 | D:1      | Reached XP level 3. HP: 26/26 MP: 3/3
  1437 | D:1      | Found a faded altar of an unknown god.
  2444 | D:2      | Reached skill level 4 in Axes
  2444 | D:2      | Reached XP level 4. HP: 32/32 MP: 4/4
  3634 | D:4      | Reached XP level 5. HP: 32/37 MP: 5/5
  3760 | D:4      | Reached skill level 5 in Axes
  4151 | D:4      | Reached XP level 6. HP: 31/43 MP: 6/6
  4361 | D:4      | Reached skill level 6 in Axes
  4627 | D:4      | Found Jiogg's Distillery.
  4636 | D:4      | Bought a potion of mutation for 104 gold pieces
  4636 | D:4      | Bought a potion of might for 52 gold pieces
  4636 | D:4      | Gained mutation: You are resistant to electric shocks.
                  | (rElec) [potion of mutation]
  4636 | D:4      | Lost mutation: You are resistant to electric shocks.
                  | (rElec) [potion of mutation]
  4873 | D:1      | Bought a silvery potion for 21 gold pieces
  4873 | D:1      | Bought a scroll labelled CAGEBI PIAMP for 24 gold pieces
  5174 | D:5      | Entered Level 5 of the Dungeon
  5174 | D:5      | Noticed an ogre
  5183 | D:4      | Slain by an ogre

Illustrated notes

Levels and vault maps discovered:
D:1:      mushboom_english_gardens, layout_loops_corners,
          hellmonk_ecumenical_altar_inner_sanctum, serial_shops, shop_coins
D:2:      layout_basic, minmay_tromino_v4_a
D:3:      layout_loops_ring
D:4:      layout_cave_pools, grunt_ministairs_8, amcnicky_mini_pool_small,
          hangedman_abyss_or_decor_stagger, st_stairs_8,
          chequers_serial_rivers_marsh, nicolae_stop_n_shop_1, minmay_distorted
D:5:      layout_rooms, enter_ossuary_4

Skill      XL: |  1  2  3  4  5  6 |
---------------+-------------------+-----
Axes           | 3 4 5 6 |  6.7
Fighting       | |  1.1
Throwing       | |  1.0
Armour         | |  2.1
Shields        | |  1.2
Hexes          | |  1.2
Summonings     | |  2.0

Action                   |  1- 3 |  4- 6 || total
-------------------------+-------+-------++-------
Melee: Hand axe          |    89 |   156 ||   245
       War axe           |       |    13 ||    13
  Use: Scroll            |       |     7 ||     7
       Potion            |       |     1 ||     1
Armor: Robe              |    13 |       ||    13
       Scale mail        |       |    79 ||    79
Dodge: Dodged            |    59 |    71 ||   130
